 Dungeon Crawl Stone Soup version 0.27-a0-898-g810843a28d (webtiles) character file.

Game seed: 5554945479680958450

5 Alarkh the Insei (level 1, 0/16 HPs)
             Began as a Demonspawn Gladiator on Apr 5, 2021.
             Succumbed to a goblin's poison
             ... on level 1 of the Dungeon.
             The game lasted 00:00:13 (529 turns).

Alarkh the Insei (Demonspawn Gladiator)              Turns: 529, Time: 00:00:13

Health: 0/16       AC:  4    Str: 14    XL:     1   Next: 66%
Magic:  1/1        EV: 12    Int:  9    God:
Gold:   26         SH:  0    Dex: 14    Spells: 0/0 levels left

rFire    . . .     SeeInvis .     - Unarmed
rCold    . . .     Faith    .   (no shield)
rNeg     . . .     Spirit   .   a - +0 leather armour
rPois    .         Reflect  .   b - +0 helmet
rElec    .         Harm     .   (no cloak)
rCorr    .         Rampage  .   (no gloves)
Will     .....                  (no boots)
Stlth    +.........             (no amulet)
HPRegen  0.05/turn              (no ring)
MPRegen  0.07/turn              (no ring)

@: lethally poisoned (0 -> -8)
A: no striking features
a: no special abilities


You were on level 1 of the Dungeon.
You visited 1 branch of the dungeon, and saw 1 of its levels.

You collected 26 gold pieces.

Inventory:

Missiles
 c - 3 throwing nets (quivered)
Armour
 a - a +0 leather armour (worn)
 b - a +0 helmet (worn)
Potions
 d - a potion of brilliance {unknown}


   Skills:
 + Level 2.1 Fighting
 - Level 1.7 Throwing
 - Level 2.6 Dodging
 * Level 2.9 Unarmed Combat


You couldn't memorise any spells.
You didn't know any spells.
Your spell library contained the following spells:

 Spells                   Type           Power      Damage    Failure   Level
 Confusing Touch          Hex            0%         N/A       83%         3
 Gell's Gravitas          Tloc           0%         N/A       83%         3
 Petrify                  Tmut/Erth      0%         N/A       99%         4
 Metabolic Englaciation   Hex/Ice        0%         N/A       100%        5
 Yara's Violent Unravell  Hex/Tmut       0%         3d3       100%        5


Dungeon Overview and Level Annotations

Branches:
Dungeon (1/15)

Altars:


Message History

The hobgoblin is heavily wounded.
The hobgoblin misses you.
You closely miss the hobgoblin.
The hobgoblin is heavily wounded.
You hit the hobgoblin.
The hobgoblin is severely wounded.
The hobgoblin hits you.
You hit the hobgoblin but do no damage.
The hobgoblin is severely wounded.
The hobgoblin barely misses you.
A goblin comes into view. It is wielding a +2 dagger of venom.
You hit the hobgoblin.
You kill the hobgoblin!
Things that are here:
a +0 plate armour; a hobgoblin corpse A ball python comes into view.
The goblin closely misses you.
The ball python hisses angrily.
You hit the goblin but do no damage.
The goblin hits you with a +2 dagger of venom.
* * * LOW HITPOINT WARNING * * *
The ball python bites you but does no damage.
The ball python barely misses you.
Things that are here:
a +0 plate armour; a hobgoblin corpse You hit the ball python.
The ball python is moderately wounded.
The ball python misses you. The ball python closely misses you.
You hit the ball python. You punch the ball python.
You kill the ball python!
You barely miss the goblin. The goblin completely misses you.
You closely miss the goblin. The goblin hits you but does no damage.
You are lethally poisoned!
You miss the goblin.
* * * LOW HITPOINT WARNING * * *
You feel very sick. The goblin barely misses you.
You hit the goblin.
The goblin is severely wounded.
You die...

# ##.. #.
.... . #..
#.###.#..
#.....#.#
#.#
#.......#
#.#.# #.#
#.#[# #g#
#.#.#
#@###.#.#
#.#...#.#
#)#...#.#
#.###.#.#
#######
#.......#
^......
#####.###
###+#####
#.#
........##
#.#
#######..#
#.#


You could see a goblin.

Vanquished Creatures
  2 ball pythons (D:1)
  2 hobgoblins (D:1)
  A kobold (D:1)
5 creatures vanquished.

Notes
Turn   | Place    | Note
-------+----------+-------------------------------------------
     0 | D:1      | Alarkh the Demonspawn Gladiator began the quest for the
                  | Orb.
     0 | D:1      | Reached XP level 1. HP: 16/16 MP: 1/1
   529 | D:1      | Succumbed to a goblin's poison

Illustrated notes

Levels and vault maps discovered:
D:1:      lightli_arrival_chessboard, layout_basic, minivault_27, minivault_26,
          chequers_serial_rivers_micro_e, minmay_tromino_i4

Action                   || total
-------------------------++-------
Melee: Unarmed           ||    40
       Punch             ||     1
Armor: Leather armour    ||    10
Dodge: Dodged            ||    24

Table legend: (Time is in decaauts)
 A = Elapsed time spent in this place.
 B = Non-inter-level travel time spent in this place.
 C = Inter-level travel time spent in this place.
 D = Time resting spent in this place.
 E = Time spent auto-exploring this place.
 F = Levels seen in this place.
 G = Mean time per level.
                   A        B        C        D        E       F      G
               +--------+--------+--------+--------+--------+-----+--------+
         Total |    526 |    526 |      0 |      0 |    474 |   1 |  526.0 |
       Dungeon |    526 |    526 |      0 |      0 |    474 |   1 |  526.0 |
               +--------+--------+--------+--------+--------+-----+--------+

Top non-repeatable levels by time:
     D:1: 526 daAuts
